Map: Pendiente de Agustín EE

Players

MrFercho - Winner!

  • Race: Zerg Zerg
  • League: Gold
  • Spawn Location: 5:00

tigro - Winner!

  • Race: Terran Terran
  • League: Bronze
  • Spawn Location: 6:00

TATORREA - Winner!

  • Race: Protoss Protoss
  • League: Gold
  • Spawn Location: 6:00

SpikeBoulder

  • Race: Terran Terran
  • League: Platinum
  • Spawn Location: 11:00

Nick

  • Race: Zerg Zerg
  • Spawn Location: 12:00

CROS

  • Race: Protoss Protoss
  • Spawn Location: 12:00

VOD

Have the link to the VOD?

Description

Time

  • Played on: Aug. 5, 2020, 9:23 p.m.
  • Length: 17:26
Show
View Real Time Build Order
Export as new Build Order

MrFercho Zerg - Winner!

Build Orders: Hatch First 

Get SALT Encoding   

  12  0:00  Drone  
  13  0:13  Overlord  
  13  0:17  Drone  
  14  0:33  Drone x2  
  16  0:49  Hatchery  
  15  0:53  Drone  
  15  0:55  Drone  
  17  1:13  Drone  
  17  1:16  Extractor  
  17  1:22  Spawning Pool  
  16  1:28  Drone x2  
  16  1:31  Drone  
  19  1:40  Drone  
  20  1:51  Overlord  
  20  2:09  Queen x2  
  20  2:11  Zergling x4  
  20  2:14  Drone x2  
  29  2:22  Drone  
  29  2:24  Drone  
  30  2:33  Overlord  
  30  2:37  Overlord  
  30  2:53  Drone x2  
  30  2:57  Queen  
  34  3:07  Roach Warren  
  34  3:10  Drone x4  
  34  3:11  Evolution Chamber  
  36  3:16  Lair  
  36  3:26  Drone x4  
  40  3:28  Evolution Chamber  
  39  4:00  Overlord x2  
  39  4:02  Roach x6  
  51  4:05  Zerg Missile Weapons Level 1  
  51  4:17  Queen  
  53  4:25  Extractor x2, Drone x2  
  53  4:26  Drone x4  
  57  4:34  Glial Reconstitution  
  57  4:39  Overlord x2  
  56  4:59  Roach  
  59  5:00  Roach  
  59  5:11  Spore Crawler  
  58  5:14  Drone, Spore Crawler  
  58  5:16  Drone  
  58  5:19  Drone x3  
  58  5:20  Drone x3  
  65  5:34  Hydralisk Den  
  64  5:50  Hatchery  
  63  6:04  Overseer x3  
  63  6:10  Queen  
  65  6:14  Drone  
  65  6:16  Grooved Spines  
  66  6:22  Drone x2  
  66  6:23  Drone x3  
  71  6:26  Extractor  
  70  6:46  Hydralisk x4  
  73  6:57  Spore Crawler  
  73  6:59  Spore Crawler  
  64  7:08  Spore Crawler  
  61  7:11  Drone x9  
  61  7:12  Drone  
  71  7:16  Spore Crawler  
  71  7:19  Spore Crawler  
  69  7:27  Muscular Augments  
  69  7:36  Drone x4  
  69  7:37  Drone x7  
  80  8:00  Hydralisk  
  80  8:01  Hydralisk x4  
  80  8:05  Overlord x4  
  90  8:06  Overlord  
  90  8:13  Overlord  
  90  8:27  Drone  
  90  8:28  Drone x7  
  90  8:31  Extractor  
  90  8:33  Extractor  
  96  8:34  Queen  
  98  8:51  Lurker Den  
  98  8:52  Drone x2  
  98  8:53  Infestation Pit  
  98  8:56  Drone x3  
  98  8:57  Drone x2  
  98  8:58  Drone  
  104  9:03  Hatchery  
  104  9:06  Zerg Missile Weapons Level 2  
  104  9:09  Zerg Ground Armor Level 1  
  103  9:14  Hydralisk x9  
  121  9:39  Hydralisk  
  121  9:40  Hydralisk x7  
  117  10:20  Hydralisk x8  
  117  10:21  Hydralisk x5  
  105  10:38  Hydralisk x6  
  113  10:45  Hydralisk x2  
  113  10:48  Zergling x2  
  113  10:49  Zergling x8  
  122  10:52  Metabolic Boost  
  122  11:17  Overlord  
  122  11:18  Overlord x4  
  122  11:22  Hydralisk x3  
  128  11:38  Hive  
  128  11:44  Zerg Ground Armor Level 2  
  128  11:46  Hydralisk x4  
  128  11:47  Hydralisk x4  
  144  11:57  Hydralisk x3  
  135  12:22  Spore Crawler  
  134  12:25  Spore Crawler  
  134  12:26  Spore Crawler  
  132  12:48  Hydralisk x8  
  132  12:49  Hydralisk x9  
  166  13:04  Hatchery  
  165  13:33  Overlord x5  
  165  13:34  Overlord  
  165  13:40  Lurker x2  
  167  13:50  Seismic Spines  
  156  14:19  Hydralisk x13  
  156  14:20  Hydralisk x7  
  156  14:23  Zergling x14  
  156  14:24  Zergling x4  
  146  14:35  Hydralisk  
  146  14:36  Hydralisk x4  
  138  14:47  Adaptive Talons, Hydralisk x3  
  138  15:43  Hydralisk x10  
  138  15:44  Hydralisk x5  
  160  16:19  Extractor x2  
  160  16:21  Hatchery  
Show
View Real Time Build Order
Export as new Build Order

tigro Terran - Winner!

Build Orders:  

Get SALT Encoding   

  12  0:13  SCV  
  13  0:17  Supply Depot  
  13  0:25  SCV  
  14  0:37  SCV  
  15  0:43  Barracks  
  15  0:49  SCV  
  16  0:51  Refinery  
  16  1:01  SCV  
  17  1:13  SCV  
  17  1:16  Supply Depot  
  18  1:25  SCV  
  18  1:30  Marine  
  20  1:40  SCV  
  20  1:41  Refinery  
  21  1:48  Marine  
  22  1:57  Factory  
  22  2:00  SCV  
  23  2:06  Marine  
  24  2:12  SCV  
  25  2:24  Marine, SCV  
  27  2:37  Orbital Command  
  27  2:41  Marine, Factory Tech Lab  
  28  2:54  Engineering Bay  
  28  3:01  Barracks Tech Lab  
  28  3:20  Siege Tank  
  31  3:52  Siege Tank  
  34  4:34  Combat Shield  
  34  4:37  Command Center, Terran Infantry Weapons Level 1  
  34  4:42  Marine  
  29  5:00  Marine  
  27  5:17  Marine  
  26  5:22  Missile Turret  
  26  5:35  Marine  
  30  5:42  Siege Tank  
  30  5:53  Stimpack, Marine  
  28  6:11  Marine  
  28  6:15  Siege Tank  
  32  6:20  Missile Turret  
  32  6:29  Marine  
  32  6:31  Terran Infantry Armor Level 1  
  33  6:43  Starport  
  33  6:46  Marine  
  33  6:47  Siege Tank  
  36  6:51  Missile Turret  
  37  7:04  Marine  
  38  7:13  Missile Turret  
  38  7:17  SCV  
  38  7:18  Refinery  
  38  7:22  Marine  
  40  7:27  Medivac  
  40  7:29  SCV  
  43  7:36  Missile Turret  
  43  7:37  Barracks  
  43  7:40  Marine  
  43  7:41  SCV  
  45  7:53  SCV  
  45  7:57  Armory  
  45  7:58  Marine  
  47  8:01  Starport Tech Lab  
  47  8:05  SCV  
  48  8:16  Marine  
  50  8:20  SCV  
  50  8:25  Hi-Sec Auto Tracking  
  50  8:32  SCV  
  50  8:33  Marine  
  52  8:40  Supply Depot  
  52  8:44  SCV  
  52  8:45  Fusion Core  
  53  8:49  Refinery  
  53  8:51  Marine  
  54  8:56  SCV  
  54  9:01  Barracks Reactor  
  55  9:03  Supply Depot  
  55  9:08  SCV  
  56  9:20  SCV  
  56  9:22  Neosteel Armor  
  57  9:26  Supply Depot  
  57  9:32  SCV  
  57  9:38  Marine  
  50  9:50  Supply Depot  
  37  9:56  Marine  
  24  10:08  Marine  
  24  10:09  Marine  
  24  10:12  Medivac  
  24  10:13  Supply Depot  
  24  10:14  Marine, Weapon Refit  
  28  10:26  Marine x2  
  30  10:31  Marine  
  31  10:42  Battlecruiser  
  37  10:44  Marine x2  
  37  10:49  Marine  
  40  11:02  Terran Infantry Weapons Level 2, Marine x2  
  42  11:07  Marine  
  43  11:20  Marine x2  
  43  11:25  Marine  
  46  11:42  Command Center  
  46  11:43  Marine  
  47  11:53  Terran Vehicle Weapons Level 1  
  47  11:54  Rapid Reignition System  
  47  12:00  Marine  
  48  12:18  Marine  
  49  12:36  Marine  
  48  12:54  SCV  
  49  13:02  Thor  
  55  13:06  SCV  
  56  13:17  Terran Infantry Armor Level 2  
  56  13:19  SCV  
  57  13:31  SCV  
  58  13:43  SCV  
  58  13:47  Terran Ship Weapons Level 1  
  59  13:55  SCV  
  42  14:20  Marine x3  
  39  14:30  SCV  
  40  14:38  Marine x3  
  36  14:42  SCV  
  38  14:54  SCV  
  38  14:55  Marine  
  38  14:56  Marine x2  
  42  15:06  SCV  
  43  15:13  Marine x2  
  43  15:14  Marine  
  45  15:19  SCV  
  47  15:26  Thor  
  53  15:31  Marine x3  
  56  15:49  Marine x3  
  59  16:07  Marine x3  
  59  16:24  Marine  
  59  16:25  Marine x2  
  53  16:42  Marine  
  53  16:43  Marine  
Show
View Real Time Build Order
Export as new Build Order

TATORREA Protoss - Winner!

Build Orders:  

Get SALT Encoding   

  12  0:03  Probe  
  13  0:15  Probe  
  14  0:27  Probe  
  15  0:30  Pylon  
  15  0:48  Probe  
  16  0:52  Gateway  
  16  0:58  Gateway  
  16  1:00  Probe  
  17  1:06  Assimilator  
  17  1:12  Probe (Chrono Boost)  
  17  1:16  Pylon  
  18  1:24  Probe (Chrono Boost)  
  19  1:30  Assimilator, Probe (Chrono Boost)  
  20  1:38  Probe  
  21  1:50  Probe  
  21  1:53  Cybernetics Core  
  22  2:02  Probe  
  23  2:10  Gateway  
  23  2:11  Pylon  
  22  2:21  Probe  
  23  2:30  Warp Gate  
  23  2:46  Nexus  
  23  2:49  Pylon, Probe  
  24  3:02  Probe  
  25  3:14  Probe  
  26  3:25  Stalker x2 (Chrono Boost)  
  26  3:26  Probe (Chrono Boost)  
  31  3:38  Probe (Chrono Boost)  
  32  3:43  Probe (Chrono Boost)  
  32  3:47  Stalker x2  
  37  3:52  Probe  
  38  4:04  Probe x2  
  40  4:11  Pylon  
  40  4:16  Probe x2  
  42  4:28  Probe x2  
  44  4:45  Stalker  
  46  4:47  Stalker  
  46  4:51  Stalker  
  50  5:29  Probe x2  
  52  5:37  Twilight Council  
  52  5:39  Robotics Facility  
  52  5:41  Probe x2  
  54  5:44  Stalker x3  
  60  5:50  Assimilator  
  60  5:52  Assimilator  
  60  6:20  Probe x2  
  62  6:32  Probe x2  
  64  6:36  Gateway  
  64  6:38  Gateway  
  64  6:41  Gateway  
  64  6:44  Gateway  
  64  6:47  Probe x2  
  66  6:58  Templar Archives  
  66  7:02  Robotics Facility  
  66  7:06  Blink  
  66  7:11  Pylon  
  66  7:14  Pylon  
  66  7:23  Pylon  
  66  7:30  Pylon  
  66  7:36  Pylon  
  66  7:52  Nexus  
  66  7:56  Pylon  
  66  7:57  Pylon x2  
  66  7:59  Pylon  
  66  8:02  Forge  
  66  8:03  Forge  
  66  8:04  Forge  
  66  8:08  Stargate  
  66  8:10  Stargate  
  66  8:15  Gateway  
  66  8:17  Gateway x3  
  66  8:20  Gateway x2  
  66  8:28  High Templar x3  
  66  8:29  High Templar x4  
  66  8:33  Psionic Storm  
  80  8:37  Archon x3  
  80  8:38  Protoss Ground Weapons Level 1 (Chrono Boost)  
  80  8:39  Gateway  
  80  8:41  Assimilator  
  80  8:42  Gateway, Assimilator  
  80  8:44  Gateway  
  80  8:46  Gateway  
  80  8:48  Gateway  
  80  8:57  Probe x2  
  82  9:09  Probe x2  
  84  9:14  Zealot x2  
  84  9:15  Zealot x4  
  84  9:16  Protoss Ground Armor Level 1 (Chrono Boost)  
  96  9:20  Protoss Shields Level 1 (Chrono Boost)  
  96  9:21  Probe x2  
  94  9:33  Probe x2  
  91  9:45  Probe  
  91  9:46  Probe  
  91  9:52  Nexus  
  93  9:58  High Templar x2  
  93  9:59  High Templar x2  
  101  10:03  Zealot x2  
  95  10:26  Pylon  
  95  10:27  Zealot x5  
  95  10:28  Zealot  
  86  10:44  Charge (Chrono Boost)  
  74  11:17  Stalker  
  74  11:18  Stalker x4  
  80  11:19  Stalker x3  
  90  11:28  Probe  
  90  11:29  Probe  
  92  11:48  Nexus  
  92  11:49  Pylon  
  92  11:53  High Templar x3  
  98  11:57  Archon  
  97  12:01  Archon  
  97  12:28  Stalker x4  
  97  12:29  Stalker x2  
  102  13:01  Pylon  
  102  13:03  Probe x2  
  102  13:04  Probe  
  105  13:10  Observer  
  105  13:11  Observer  
  107  13:15  Pylon, Probe x2  
  107  13:16  Probe  
  110  13:27  Probe  
  110  13:28  Probe, Protoss Ground Weapons Level 2  
  110  13:30  Protoss Shields Level 2  
  110  13:33  Protoss Ground Armor Level 2  
  112  13:36  Probe  
  112  13:40  Probe  
  114  13:42  Probe  
  114  13:48  Probe  
  116  13:52  Probe  
  116  13:54  Probe  
  118  14:00  Probe  
  119  14:04  Probe  
  119  14:06  Assimilator, Probe  
  119  14:08  Assimilator  
  121  14:12  Probe  
  121  14:16  Probe  
  123  14:18  Probe  
  82  15:10  High Templar  
  82  15:11  High Templar x5  
  92  15:15  Archon x3  
  92  15:17  Probe x3  
  95  15:29  Probe x3  
  86  16:00  Nexus  
  86  16:02  Pylon  
  72  16:04  Pylon  
  68  16:16  Zealot x4  
  68  16:17  Zealot x2  
  68  16:18  Zealot x4  
  72  16:20  High Templar  
  72  16:21  High Templar x2  
  72  16:24  Archon  
  82  16:33  Immortal x2  
  90  16:48  Probe  
  90  16:49  Probe x2  
  90  16:53  High Templar x2  
  97  16:55  High Templar  
  97  16:58  Zealot x4  
  97  16:59  Zealot x5  
  97  17:00  Zealot x2  
  97  17:01  Probe x3  
  124  17:08  Archon  
  124  17:09  Archon  
Show
View Real Time Build Order
Export as new Build Order

SpikeBoulder Terran 

Build Orders: 1/1/1, Banshee Rush 

Get SALT Encoding   

  12  0:01  SCV  
  13  0:16  Supply Depot  
  13  0:19  SCV  
  14  0:26  Refinery  
  14  0:35  Refinery  
  14  0:45  Barracks  
  14  0:49  SCV  
  15  1:02  SCV  
  16  1:14  SCV  
  17  1:29  SCV  
  18  1:36  Factory  
  18  1:41  Barracks Reactor, SCV  
  19  1:51  Supply Depot  
  19  1:53  SCV  
  20  2:05  SCV  
  21  2:19  Marine  
  21  2:20  Marine  
  23  2:26  Starport  
  24  2:31  Factory Tech Lab  
  24  2:33  Orbital Command  
  23  2:39  Marine  
  23  2:42  Marine  
  25  2:53  Supply Depot  
  25  2:59  Factory Tech Lab  
  25  3:01  SCV  
  26  3:06  Marine x2  
  28  3:15  Cloaking Field  
  28  3:19  Banshee  
  31  3:28  Marine x2  
  33  3:36  Siege Tank  
  33  3:39  SCV  
  37  3:48  Marine x2  
  39  4:11  Supply Depot  
  39  4:32  Marine, Banshee  
  39  4:33  Siege Tank, SCV  
  47  4:39  Supply Depot  
  47  4:53  Marine  
  47  4:55  Marine  
  38  5:07  Siege Tank  
  38  5:11  Marine  
  42  5:15  Banshee  
  45  5:26  Marine  
  41  5:32  Marine  
  41  5:33  SCV  
  43  5:43  Marine  
  43  5:46  Command Center  
  43  5:49  Barracks  
  43  5:50  Marine  
  44  6:08  Marine  
  44  6:09  Banshee, Siege Tank  
  44  6:10  Marine  
  52  6:15  Supply Depot  
  49  6:20  SCV  
  50  6:25  Barracks  
  50  6:27  Engineering Bay  
  50  6:31  Marine x2  
  50  6:32  SCV  
  53  6:38  Supply Depot, Marine  
  54  6:48  Siege Tank  
  54  6:52  Marine x2  
  59  6:54  SCV  
  59  6:56  Marine  
  59  7:00  Banshee  
  64  7:04  SCV  
  64  7:06  SCV  
  66  7:15  Barracks Reactor  
  66  7:16  SCV  
  66  7:17  Marine x3  
  66  7:22  SCV  
  71  7:30  Supply Depot, Terran Infantry Weapons Level 1  
  71  7:35  Marine x2, Siege Tank  
  71  7:36  Marine  
  77  7:46  SCV  
  77  7:47  SCV  
  77  7:51  Marine, Refinery  
  79  7:55  Barracks Tech Lab  
  80  8:01  Barracks  
  80  8:03  Marine x2  
  80  8:04  Marine, Engineering Bay  
  83  8:08  Siege Tank  
  83  8:10  Banshee  
  89  8:17  Combat Shield  
  89  8:19  Marine  
  90  8:20  Marine  
  90  8:25  Supply Depot  
  90  8:26  SCV  
  92  8:27  SCV  
  93  8:36  Supply Depot, Terran Infantry Armor Level 1  
  93  8:39  Marine  
  94  8:46  Marine  
  95  8:50  Supply Depot  
  95  8:53  SCV  
  96  8:55  Marine  
  96  8:56  Marine x2  
  96  8:57  Marine  
  96  8:58  Siege Tank  
  96  9:00  Marine  
  104  9:10  Marine  
  104  9:12  Banshee  
  104  9:13  SCV x2  
  110  9:31  Marine  
  110  9:32  Marine x3  
  110  9:33  Command Center  
  110  9:35  SCV x2  
  112  9:59  Marine x6  
  118  10:12  Supply Depot, SCV x2  
  116  10:14  Banshee, Siege Tank  
  116  10:16  Marine  
  116  10:17  Marine x3  
  98  10:22  Marine  
  98  10:23  Marine  
  92  10:34  Marine  
  87  10:40  Marine x5  
  70  10:52  Marine  
  70  10:56  SCV x2  
  73  10:57  Marine x2  
  73  10:58  Marine x2  
  73  11:02  Marine  
  78  11:05  Siege Tank  
  78  11:10  Marine  
  82  11:13  Banshee  
  82  11:15  Marine x3  
  82  11:16  Marine  
  82  11:17  SCV  
  87  11:28  SCV  
  87  11:29  SCV  
  90  11:35  Planetary Fortress  
  89  11:44  Marine x5  
  89  11:46  Marine  
  95  11:53  Supply Depot, Refinery  
  95  11:57  Armory  
  95  12:02  Marine  
  95  12:03  Barracks Reactor  
  95  12:04  Marine x3  
  95  12:05  Marine  
  95  12:07  Banshee, Siege Tank  
  106  12:11  SCV  
  107  12:19  Marine  
  107  12:22  Marine  
  109  12:24  SCV  
  109  12:25  Marine, SCV  
  109  12:26  Supply Depot, Marine x2  
  114  12:37  Marine  
  114  12:39  Marine x2  
  114  12:40  Marine  
  114  12:41  Siege Tank  
  114  12:42  SCV x2  
  114  12:43  Marine  
  124  12:46  Terran Infantry Armor Level 2  
  124  12:47  Terran Infantry Weapons Level 2  
  124  12:54  Marine  
  124  12:55  Marine x2  
  124  12:57  Banshee  
  124  12:58  SCV x2  
  132  12:59  SCV  
  132  13:00  Marine x2  
  132  13:03  Marine  
  136  13:08  Refinery  
  136  13:10  SCV x2  
  136  13:11  SCV  
  136  13:12  Refinery  
  139  13:18  Marine x2  
  139  13:19  Supply Depot, Marine x2  
  143  13:24  Command Center, Marine x2  
  143  13:26  Marine  
  146  13:27  Siege Tank  
  149  13:37  Orbital Command  
  149  13:38  Marine x3  
  149  13:39  Marine  
  153  13:42  Marine  
  153  13:43  Supply Depot  
  154  13:50  Marine x2  
  154  13:55  Banshee  
  159  13:56  Marine x2  
  159  13:58  SCV x2  
  161  14:28  Marine  
  161  14:29  Marine x5  
  129  14:48  Marine x3  
  129  14:49  Marine x4  
  129  14:51  Banshee, Siege Tank  
  90  15:06  Marine x4  
  90  15:07  Marine x3  
  84  15:24  Marine x4, Siege Tank  
  91  15:30  Marine x3  
  91  15:33  Banshee  
  97  15:38  Barracks  
  97  15:42  Marine x4  
  90  15:48  Marine x3  
  71  15:57  Siege Tank  
  71  15:59  Marine x2  
  71  16:00  Marine x2  
  74  16:05  Marine  
  74  16:06  Marine x2  
  71  16:12  SCV x2  
  71  16:13  SCV  
  71  16:17  Marine x3  
  71  16:18  Marine  
  73  16:23  Marine x2  
  73  16:24  SCV  
  75  16:25  SCV  
  75  16:29  Barracks  
  75  16:30  Marine x2  
  67  16:37  SCV  
  64  16:40  Marine x2  
  64  16:41  Marine  
  61  16:49  SCV  
  61  16:52  Marine x4  
  61  16:53  Marine  
  66  16:54  Siege Tank  
  66  16:58  Marine x3  
  75  17:02  SCV  
  76  17:14  Command Center, SCV  
Show
View Real Time Build Order
Export as new Build Order

Nick Zerg 

Build Orders: Hatch First 

Get SALT Encoding   

  12  0:02  Drone  
  13  0:09  Drone  
  14  0:39  Hatchery  
  13  0:52  Spawning Pool  
  12  1:04  Overlord  
  12  1:19  Extractor  
  12  1:23  Drone x3  
  14  1:40  Queen  
  14  1:46  Drone  
  17  1:47  Drone  
  17  1:51  Queen  
  20  1:55  Drone  
  21  2:05  Extractor  
  21  2:06  Drone  
  21  2:09  Drone  
  22  2:18  Drone x2  
  24  2:24  Extractor  
  24  2:28  Drone  
  24  2:29  Drone  
  25  2:39  Overlord  
  25  2:52  Drone  
  26  3:00  Drone x2  
  28  3:07  Lair  
  28  3:08  Metabolic Boost  
  28  3:13  Zergling x4  
  30  3:22  Drone x5  
  35  3:31  Drone  
  36  3:38  Overlord x2  
  36  3:52  Extractor  
  36  3:53  Drone  
  36  3:56  Drone x2  
  36  3:57  Drone x2  
  36  3:58  Drone  
  41  4:09  Spire  
  40  4:23  Drone x3  
  43  4:25  Drone  
  43  4:26  Drone  
  45  4:31  Overlord  
  45  4:32  Overlord x2  
  45  4:48  Drone x2  
  45  4:50  Hatchery  
  46  4:57  Overlord x2  
  46  5:06  Overlord  
  46  5:10  Drone x4  
  50  5:17  Extractor  
  50  5:18  Extractor  
  48  5:21  Zerg Flyer Weapons Level 1  
  48  5:23  Mutalisk x2  
  48  5:24  Mutalisk  
  48  5:26  Mutalisk  
  56  5:51  Mutalisk x4  
  64  5:57  Mutalisk  
  64  5:58  Mutalisk x2  
  70  6:13  Drone x3  
  70  6:16  Drone x2  
  70  6:18  Queen  
  77  6:21  Mutalisk x3  
  77  6:22  Mutalisk  
  73  7:12  Mutalisk  
  73  7:13  Mutalisk x2  
  79  7:20  Zerg Flyer Armor Level 1  
  79  7:21  Mutalisk x3  
  79  7:22  Mutalisk  
  87  7:34  Overlord  
  87  7:40  Mutalisk x3  
  93  8:06  Zergling x2  
  93  8:07  Zergling x6  
  93  8:12  Zergling x6  
  100  8:13  Zergling x6  
  100  8:18  Zergling x8  
  100  8:19  Zergling x10  
  112  8:43  Mutalisk  
  112  8:46  Overlord x4  
  95  10:41  Mutalisk x4  
  95  10:42  Mutalisk  
  105  10:45  Zerg Flyer Armor Level 2  
  105  10:48  Mutalisk x2  
  105  10:49  Mutalisk x5  
  119  11:12  Mutalisk x4  
  119  11:13  Mutalisk x4  
  119  11:18  Overlord x3  
  135  11:29  Infestation Pit  
  104  12:53  Mutalisk x3  
  104  12:54  Mutalisk x3  
  104  12:57  Mutalisk  
  104  12:58  Mutalisk x6  
  118  12:59  Mutalisk x2  
  118  13:01  Zerg Flyer Weapons Level 2  
  118  13:02  Mutalisk x2  
  118  13:03  Mutalisk x4  
  146  13:08  Hive  
  146  13:26  Hatchery  
  145  13:28  Mutalisk x4  
  145  13:29  Mutalisk  
  155  13:45  Zergling x2  
  155  13:46  Zergling x8  
  160  13:53  Zergling x4  
  162  13:58  Zergling x6  
  162  13:59  Zergling x4  
  65  14:47  Drone  
  65  14:49  Queen  
  68  14:55  Mutalisk x3  
  68  14:56  Mutalisk x3  
  68  15:10  Mutalisk  
  70  15:18  Mutalisk x2  
  70  15:19  Mutalisk x4  
  82  15:42  Extractor  
  67  15:58  Extractor  
  50  16:06  Mutalisk x3  
  50  16:07  Mutalisk x2  
  60  16:11  Mutalisk  
  60  16:12  Mutalisk x5  
  60  16:13  Mutalisk  
  27  17:08  Zergling x10  
Show
View Real Time Build Order
Export as new Build Order

CROS Protoss 

Build Orders:  

Get SALT Encoding   

  12  0:04  Probe (Chrono Boost)  
  13  0:19  Probe (Chrono Boost)  
  14  0:24  Probe (Chrono Boost)  
  15  0:52  Pylon  
  15  0:57  Assimilator  
  15  0:59  Assimilator  
  15  1:10  Probe  
  16  1:23  Gateway  
  16  1:30  Gateway  
  16  1:35  Probe (Chrono Boost)  
  17  1:45  Probe (Chrono Boost)  
  18  1:50  Probe (Chrono Boost)  
  18  1:53  Pylon  
  19  1:57  Forge  
  19  2:01  Probe  
  20  2:25  Pylon  
  20  2:44  Cybernetics Core  
  20  2:45  Zealot x2  
  24  2:57  Pylon  
  24  3:26  Pylon  
  24  3:35  Pylon  
  24  3:40  Warp Gate (Chrono Boost)  
  24  3:59  Nexus  
  23  4:14  Pylon  
  23  4:18  Pylon  
  23  4:22  Probe (Chrono Boost)  
  25  4:32  Probe (Chrono Boost)  
  25  4:36  Probe (Chrono Boost)  
  25  4:42  Stalker x2  
  30  5:00  Gateway  
  30  5:03  Gateway  
  30  5:06  Protoss Ground Weapons Level 1 (Chrono Boost)  
  30  5:24  Pylon  
  30  5:30  Probe  
  31  5:36  Assimilator  
  31  5:38  Assimilator  
  31  5:39  Probe  
  32  5:51  Probe  
  32  5:53  Robotics Facility  
  33  6:00  Stalker x3  
  33  6:01  Stalker  
  33  6:03  Probe  
  42  6:15  Probe (Chrono Boost)  
  43  6:25  Stalker x4, Probe (Chrono Boost)  
  50  6:30  Probe (Chrono Boost)  
  53  6:40  Warp Prism  
  53  6:42  Probe  
  56  6:50  Robotics Facility  
  56  6:54  Probe (Chrono Boost)  
  57  6:58  Protoss Ground Armor Level 1  
  57  7:06  Probe (Chrono Boost)  
  58  7:12  Probe (Chrono Boost)  
  59  7:20  Photon Cannon, Probe  
  59  7:22  Photon Cannon  
  60  7:26  Photon Cannon  
  60  7:31  Photon Cannon  
  60  7:32  Probe (Chrono Boost)  
  61  7:43  Probe (Chrono Boost)  
  61  7:44  Stalker x2, Pylon  
  64  7:48  Probe (Chrono Boost)  
  67  7:58  Probe  
  67  8:03  Immortal  
  72  8:11  Probe  
  73  8:25  Probe  
  74  8:28  Nexus  
  74  8:37  Probe  
  75  8:43  Assimilator  
  75  8:46  Assimilator  
  75  8:49  Probe  
  76  9:01  Probe  
  77  9:13  Probe  
  46  10:07  Protoss Shields Level 1  
  46  10:10  Stalker  
  46  10:11  Stalker x3  
  54  10:14  Immortal  
  54  10:15  Immortal  
  62  10:39  Gateway  
  62  10:40  Gateway  
  62  10:43  Gateway x2  
  62  10:46  Pylon  
  62  10:54  Immortal x2  
  70  11:05  Photon Cannon  
  70  11:08  Photon Cannon  
  70  11:25  Stalker x2  
  72  11:26  Stalker x2  
  78  11:33  Immortal x2  
  86  11:40  Stalker x2  
  86  11:41  Stalker x2  
  94  12:12  Immortal  
  98  12:33  Pylon  
  98  12:35  Pylon x2  
  98  12:38  Pylon  
  98  12:44  Pylon  
  98  12:51  Immortal x2  
  106  13:06  Stalker x3  
  106  13:07  Stalker x5  
  122  13:30  Immortal  
  122  13:31  Immortal  
  62  14:55  Stalker x6  
  62  14:56  Stalker x2  
  78  15:34  Stalker x2  
  78  15:35  Stalker x4  
  86  15:36  Stalker x2  
  94  16:01  Stalker x6  
  94  16:02  Stalker  
  94  16:03  Stalker  
Tags
 
Add a new tag
Caveats
  • Supply blocks, unpowered buildings, or Contaminate may cause inaccurate times.
  • Supply counts are checked every 10 seconds.